 Dungeon Crawl Stone Soup version 0.29-a0-664-gff9cad4a3d (webtiles) character file.

Game seed: 11606324962221672454

23 Newt the Skirmisher (level 2, 0/25 HPs)
             Began as a Demonspawn Abyssal Knight on June 22, 2022.
             Was a Believer of Lugonu.
             Constricted to death by a ball python (1 damage)
             ... on level 2 of the Dungeon.
             The game lasted 00:03:20 (756 turns).

Newt the Skirmisher (Demonspawn Abyssal Knight)      Turns: 756, Time: 00:03:21

Health: 0/25       AC:  3    Str: 13    XL:     2   Next: 75%
Magic:  3/3        EV:  8    Int: 11    God:    Lugonu [**....]
Gold:   52         SH:  0    Dex: 13    Spells: 1/1 levels left

rFire   . . .      SeeInvis .   d - +1 whip (pain)
rCold   . . .      Faith    .   (no shield)
rNeg    . . .      Spirit   .   b - +0 leather armour
rPois   .          Reflect  .   (no helmet)
rElec   .          Harm     .   (no cloak)
rCorr   .          Rampage  .   (no gloves)
Will    .....                   (no boots)
Stlth   +.........              (no amulet)
HPRegen 0.08/turn               (no ring)
MPRegen 0.08/turn               (no ring)

@: constricted
A: powered by pain 1
a: Renounce Religion, Depart the Abyss, Bend Space


You were on level 2 of the Dungeon.
You worshipped Lugonu.
Lugonu was pleased with you.
You visited 1 branch of the dungeon, and saw 2 of its levels.
You visited the Abyss 1 time.

You collected 52 gold pieces.

Inventory:

Hand Weapons
 a - a +1 spear of freezing
 d - a +1 whip of pain (weapon)
Armour
 b - a +0 leather armour (worn)


   Skills:
 + Level 3.8 Fighting
 * Level 0.3 Maces & Flails
 - Level 1.8 Polearms
 + Level 1.9 Armour
 - Level 0.8 Dodging
 + Level 2.5 Invocations


You had one spell level left.
You didn't know any spells.
Your spell library contained the following spells:

 Spells                   Type           Power      Damage    Failure   Level
 Magic Dart               Conj           0%         1d3       41%         1
 Call Imp                 Summ           0%         N/A       56%         2
 Mephitic Cloud           Conj/Pois/Air  0%         N/A       80%         3


Dungeon Overview and Level Annotations

Branches:
Dungeon (2/15)

Altars:


Innate Abilities, Weirdness & Mutations

You sometimes gain a little power by taking damage.


Message History

You feel sick. The adder bites you but does no damage.
You hit the adder.
The adder is severely wounded.
You feel sick. The adder misses you. The adder bites you but does no damage.
You miss the adder.
The adder is severely wounded.
You feel sick. The adder bites you but does no damage.
You hit the adder.
You kill the adder!
Lugonu accepts your kill.
You feel sick.
You aren't carrying any potions.
Space bends violently around you!
You blink.
A ball python comes into view.
You feel sick.
You are no longer poisoned.
The ball python hisses angrily.
The frilled lizard misses you.
Okay, then.
As you read the scroll labelled OLUMIYTUDA, it crumbles to dust.
It is a scroll of brand weapon.
Your +1 spear is covered with a thin layer of ice!
a - a +1 spear of freezing The frilled lizard bites you.
* * * LOW HITPOINT WARNING * * *
The dart slug launches a dart at you. The slug dart misses you.
The frilled lizard attacks as you move away!
The frilled lizard closely misses you.
A giant cockroach comes into view.
The ball python closely misses you. The ball python grabs you.
The ball python constricts you.
Okay, then.
You escape the ball python's grasp.
The ball python attacks as you move away!
The ball python misses you. The ball python bites you.
* * * LOW HITPOINT WARNING * * *
The ball python grabs you. The ball python constricts you.
You die...

.#.#....#.. # .
#............#.#..#
..................
.........<##.....
#...#.#.#........
#...#.#...#......
#...#.#...#.##..#
#...#.#......# ##
#..S@.#...####
#..####......#
#...###...##.#
#.B.#l.....#.#
#...#S#.##.#.#
#.##..#.#.......
#.....w.#......#
####..........##
...............


You could see a ball python.

Vanquished Creatures
  An adder (D:2)
  2 ball pythons (D:1)
  A bat (D:1)
  A giant cockroach (D:1)
  3 goblins (D:1)
  2 hobgoblins (D:1)
  2 kobolds (D:1)
  A frilled lizard (D:1)
13 creatures vanquished.

Notes
Turn   | Place    | Note
-------+----------+-------------------------------------------
     0 | Abyss:1  | Newt the Demonspawn Abyssal Knight began the quest for the
                  | Orb.
     0 | Abyss:1  | Reached XP level 1. HP: 18/18 MP: 2/2
     2 | Abyss:1  | Found a corrupted altar of Lugonu.
    45 | D:1      | Escaped the Abyss
   638 | D:1      | Gained mutation: You sometimes gain a little power by
                  | taking damage. [demonic ancestry]
   638 | D:1      | Reached XP level 2. HP: 20/24 MP: 3/3
   647 | D:1      | Reached ** piety under Lugonu
   744 | D:2      | HP: 1/25 [frilled lizard (1)]
   756 | D:2      | HP: 1/25 [ball python (1)]
   756 | D:2      | Constricted to death by a ball python

Illustrated notes

Levels and vault maps discovered:
D:1:      dpeg_arrival_morbid_curiosity, layout_loops_ring,
          chequers_serial_rivers_small_a
D:2:      layout_basic, ebering_ecumenical_altar_hall

Action                   || total
-------------------------++-------
Melee: Spear             ||    40
       Whip              ||    15
Invok: Depart the Abyss  ||     1
       Bend Space        ||     1
  Use: Scroll            ||     1
Armor: Leather armour    ||     9
Dodge: Dodged            ||    46

Table legend: (Time is in decaauts)
 A = Elapsed time spent in this place.
 B = Non-inter-level travel time spent in this place.
 C = Inter-level travel time spent in this place.
 D = Time resting spent in this place.
 E = Time spent auto-exploring this place.
 F = Levels seen in this place.
 G = Mean time per level.
                   A        B        C        D        E       F      G
               +--------+--------+--------+--------+--------+-----+--------+
         Total |    760 |    760 |      0 |    316 |     65 |   3 |  253.3 |
       Dungeon |    712 |    712 |      0 |    316 |     65 |   2 |  356.0 |
         Abyss |     48 |     48 |      0 |      0 |      0 |   1 |   48.0 |
               +--------+--------+--------+--------+--------+-----+--------+

Top non-repeatable levels by time:
     D:1: 669 daAuts
 Abyss:1: 48 daAuts
     D:2: 42 daAuts
